 Dungeon Crawl Stone Soup version 0.31-a0-988-g08d55dae12 (webtiles) character file.

Game seed: 7870554976964934035

37 Pixllover the Chopper (level 3, -2/33 HPs)
             Began as a Hill Orc Monk on Nov 4, 2023.
             Slain by Jessica
             ... wielding a +0 dagger
              (3 damage)
             ... on level 2 of the Dungeon.
             The game lasted 00:01:21 (727 turns).

Pixllover the Chopper (Hill Orc Monk)                Turns: 727, Time: 00:01:22

Health: -2/33      AC:  5    Str: 15    XL:     3   Next: 39%
Magic:  3/3        EV: 11    Int: 10    God:
Gold:   62         SH:  0    Dex: 13    Spells: 2/2 levels left

rFire   . . .        a - +0 hand axe
rCold   . . .        d - orb {light}
rNeg    . . .        e - +0 ring mail
rPois   .            (no helmet)
rElec   .            (no cloak)
rCorr   .            (no gloves)
SInv    .            (no boots)
Will    .....        (no amulet)
Stlth   +            (no ring)
HPRegen 0.25/turn    (no ring)
MPRegen 0.08/turn

%: no passive effects
@: glowing
A: no striking features
a: no special abilities


You were on level 2 of the Dungeon.
You visited 1 branch of the dungeon, and saw 2 of its levels.

You collected 62 gold pieces.

Inventory:

Hand Weapons
 a - a +0 hand axe (weapon)
Armour
 d - an orb of light (worn)
 e - a +0 ring mail (worn)
Scrolls
 b - a scroll of identify {unknown}
 f - a scroll of poison {unknown}
 g - a scroll of teleportation {unknown}
Potions
 c - a potion of ambrosia
 h - a potion of heal wounds {unknown}
 i - a potion of curing {unknown}


   Skills:
 + Level 4.0 Fighting
 + Level 4.7 Axes
 + Level 0.4 Armour
 + Level 2.9 Dodging


You had 2 spell levels left.
You didn't know any spells.
Your spell library contained the following spells:

 Spells                   Type           Power      Damage    Failure   Level
 Slow                     Hex            0%         N/A       58%         1
 Confusing Touch          Hex            0%         N/A       92%         3
 Sigil of Binding         Hex            0%         N/A       92%         3
 Vampiric Draining        Necr           0%         2d6       92%         3


Dungeon Overview and Level Annotations

Branches:
Dungeon (2/15)

Altars:
Wu Jian

Annotations:
D:2 Jessica


Message History

The giant cockroach is moderately wounded.
You hit the kobold but do no damage.
The giant cockroach bites you but does no damage.
The kobold hits you with a +0 whip.
Jessica the Apprentice Sorceress comes into view.
She is wielding a +0 dagger.
Jessica shouts!
You hit the giant cockroach but do no damage.
The giant cockroach is moderately wounded.
You hit the kobold.
You kill the kobold!
The giant cockroach closely misses you.
Jessica casts a spell.
Jessica seems to speed up.
You hit the giant cockroach but do no damage.
The giant cockroach is moderately wounded.
The giant cockroach barely misses you.
The giant cockroach bites you but does no damage.
You slash the giant cockroach!
You kill the giant cockroach!
Jessica points at you and mumbles some strange words.
Pain shoots through your body!
You barely miss Jessica.
Jessica mumbles some strange words.
Jessica blinks!
You enter the shallow water.
Moving in this stuff is going to be slow.
Jessica hits you with a +0 dagger. Jessica hits you with a +0 dagger.
You hit Jessica but do no damage. Jessica casts a spell at you.
Pain shoots through your body!
* * * LOW HITPOINT WARNING * * *
Jessica hits you with a +0 dagger.
* * * LOW HITPOINT WARNING * * *
You hit Jessica.
Jessica is moderately wounded.
Jessica hits you with a +0 dagger.
* * * LOW HITPOINT WARNING * * *
Jessica hits you with a +0 dagger.
You die...

# ########..~....
#.#.......#~.~...~~.#. .#
#.#......#..~.~~~.~..#..#
#.#......#...~.≈≈~~~~#..
#.#......#....≈._≈.....
#.#......#...~.≈≈~~~~#
#.##.###.#..~.~~~.~..#
#.##.###..#~.~..@~~.#
#...........~...@.~#
#..#.###.##.#...).#..#
#..#.........#####......
............... .#...##
#..#.#.......... .#...#
#..#.############ .#...#
#..#.. .. ..# #..#### ..
..# #..#


You could see Jessica (fast).

Vanquished Creatures
  A dart slug (D:1)
  A bat (D:1)
  4 endoplasms (D:1)
  4 giant cockroaches
  2 goblins
  2 hobgoblins (D:1)
  8 ball pythons
  A frilled lizard (D:1)
  5 kobolds
  5 rats (D:1)
33 creatures vanquished.

Notes
Turn   | Place    | Note
-------+----------+-------------------------------------------
     0 | D:1      | Pixllover the Hill Orc Monk began the quest for the Orb.
     0 | D:1      | Reached XP level 1. HP: 19/19 MP: 1/1
   142 | D:1      | Reached XP level 2. HP: 27/27 MP: 2/2
   388 | D:1      | Reached XP level 3. HP: 33/33 MP: 3/3
   670 | D:2      | Found an ornate altar of the Wu Jian Council.
   706 | D:2      | Found a faded altar of an unknown god.
   716 | D:2      | Noticed Jessica
   727 | D:2      | HP: 1/33 [Jessica/+0 dagger (1)]
   727 | D:2      | Slain by Jessica

Illustrated notes

Levels and vault maps discovered:
D:1:      dpeg_arrival_ternary, layout_basic, kennysheep_flooded_box
D:2:      wad_pebble_path, layout_basic,
          shapermc_ecumenical_altar_starsandcircs, basic_altar, uniq_natasha,
          uniq_jessica

Skill      XL: |  1  2  3 |
---------------+----------+-----
Fighting       | 4 |  4.0
Axes           | |  4.7
Armour         | |  0.4
Dodging        | |  2.9

Action                     || total
---------------------------++-------
  Melee: Hand axe          ||    80
 Armour: Ring mail         ||    37
  Dodge: Dodged            ||    57

Table legend: (Time is in decaauts)
 A = Elapsed time spent in this place.
 B = Non-inter-level travel time spent in this place.
 C = Inter-level travel time spent in this place.
 D = Time resting spent in this place.
 E = Time spent auto-exploring this place.
 F = Levels seen in this place.
 G = Mean time per level.
                   A        B        C        D        E       F      G
               +--------+--------+--------+--------+--------+-----+--------+
         Total |    733 |    696 |     37 |      0 |    421 |   2 |  366.5 |
       Dungeon |    733 |    696 |     37 |      0 |    421 |   2 |  366.5 |
               +--------+--------+--------+--------+--------+-----+--------+

Top non-repeatable levels by time:
     D:1: 630 daAuts
     D:2: 103 daAuts
